 Dungeon Crawl Stone Soup version 0.29.1-15-g9cfb28693d (webtiles) character file.

Game seed: 4287005237442726465

71 Heoruswealwe the Magician (level 4, -1/24 HPs)
             Began as a Deep Elf Earth Elementalist on Apr 11, 2023.
             Slain by Terence
             ... wielding a +0 hand axe
              (3 damage)
             ... on level 2 of the Dungeon.
             The game lasted 00:12:40 (1520 turns).

Heoruswealwe the Magician (DEEE)                    Turns: 1520, Time: 00:12:42

Health: -1/24      AC:  2    Str:  5    XL:     4   Next: 5%
Magic:  4/12       EV: 12    Int: 22    God:
Gold:   123        SH:  0    Dex: 15    Spells: 2/12 levels left

rFire   . . .      SeeInvis .   (no weapon)
rCold   . . .      Faith    .   (no shield)
rNeg    . . .      Spirit   .   a - +0 robe
rPois   .          Reflect  .   (no helmet)
rElec   .          Harm     .   (no cloak)
rCorr   .          Rampage  .   (no gloves)
Will    .....                   (no boots)
Stlth   ++........              (no amulet)
HPRegen 0.08/turn               (no ring)
MPRegen 0.13/turn               (no ring)

@: no status effects
A: no striking features
a: no special abilities


You were on level 2 of the Dungeon.
You visited 1 branch of the dungeon, and saw 2 of its levels.

You collected 123 gold pieces.

Inventory:

Armour
 a - a +0 robe (worn)
 i - a +0 robe
Scrolls
 d - a scroll of silence {unknown}
 f - a scroll of acquirement {unknown}
 g - 3 scrolls of identify {unknown}
 h - a scroll of poison {unknown}
Potions
 b - 3 potions of magic
 c - 2 potions of lignification {unknown}
 e - a potion of degeneration {unknown}
 j - a potion of resistance {unknown}
 k - 2 potions of curing {unknown}


   Skills:
 - Level 2.4 Dodging
 - Level 2.4 Stealth
 + Level 4.7 Spellcasting
 - Level 1.1 Transmutations
 + Level 4.5 Earth Magic


You had 2 spell levels left.
You knew the following spells:

 Your Spells              Type           Power      Damage    Failure   Level
a - Sandblast             Erth           50%        2d12      1%          1
b - Stone Arrow           Conj/Erth      30%        3d8       12%         3
c - Petrify               Tmut/Erth      17%        N/A       32%         4
z - Passwall              Tmut/Erth      14%        N/A       4%          2

Your spell library contained the following spells:

 Spells                   Type           Power      Damage    Failure   Level
 Shock                    Conj/Air       20%        1d4       11%         1
 Swiftness                Air            5%         N/A       30%         3
 Airstrike                Air            2%         2d(1-17)  71%         4


Dungeon Overview and Level Annotations

Branches:
Dungeon (2/15)

Altars:
Uskayaw
The Shining One

Annotations:
D:2 Terence


Message History

Terence hits you with a +0 hand axe.
The blast of sand hits Terence!
Terence is severely wounded.
Terence drinks a potion.
Terence is healed!
Terence hits you with a +0 hand axe.
You are too injured to fight recklessly!
Casting: Sandblast (safe; 1% risk of failure)
Confirm with . or Enter, or press ? or * to list all spells.
Aiming: Sandblast (safe; 1% risk of failure)
Press: ? - help, Shift-Dir - straight line, f/p - Terence
Aim: Terence, wielding a +0 hand axe and wearing a +0 ring mail (85% to hit)
The blast of sand hits Terence but does no damage.
Terence closely misses you.
Casting: Sandblast (safe; 1% risk of failure)
Confirm with . or Enter, or press ? or * to list all spells.
Aiming: Sandblast (safe; 1% risk of failure)
Press: ? - help, Shift-Dir - straight line, f/p - Terence
Aim: Terence, wielding a +0 hand axe and wearing a +0 ring mail (85% to hit)
The blast of sand hits Terence!
Terence is moderately wounded.
Terence says, "You're history."
Terence barely misses you. Terence hits you with a +0 hand axe!
* * * LOW HITPOINT WARNING * * *
Casting: Sandblast (safe; 1% risk of failure)
Confirm with . or Enter, or press ? or * to list all spells.
Aiming: Sandblast (safe; 1% risk of failure)
Press: ? - help, Shift-Dir - straight line, f/p - Terence
Aim: Terence, wielding a +0 hand axe and wearing a +0 ring mail (moderately wounded, 85% to hit)
The blast of sand hits Terence.
Terence is heavily wounded.
Terence closely misses you.
Casting: Sandblast (safe; 1% risk of failure)
Confirm with . or Enter, or press ? or * to list all spells.
Aiming: Sandblast (safe; 1% risk of failure)
Press: ? - help, Shift-Dir - straight line, f/p - Terence
Aim: Terence, wielding a +0 hand axe and wearing a +0 ring mail (heavily wounded, 85% to hit)
The blast of sand hits Terence!
Terence is almost dead.
Terence hits you with a +0 hand axe.
You die...

# #.# #.# # # #.# #.# # ##
#.########## #.# ## .##
#.##.......# #.# ##. ..##
#.##.#####.# #.### ##.. ...##
#.#..#####.# #...## ##...
....###.[.....##.#####...####....
....'............@..........'....
....####...##.##@#####...####....
...## ##..##.##.# ####†######...
.)## ##... ...# #.......# ##..
.## .....#### #.......# ##. ##
.##### #.......# ## # . #.......#
# # #.......# ### ## #.......#
#.. .## #.......# #..


You could see Terence.

Vanquished Creatures
  2 adders (D:2)
  3 endoplasms
  3 giant cockroaches
  6 hobgoblins
  4 jackals (D:2)
  6 quokkas
  3 ball pythons
  5 bats
  6 frilled lizards
  4 goblins
  4 kobolds
  3 rats
49 creatures vanquished.

Vanquished Creatures (others)
  16 plants (D:1)
16 creatures vanquished.

Grand Total: 65 creatures vanquished

Notes
Turn   | Place    | Note
-------+----------+-------------------------------------------
     0 | D:1      | Heoruswealwe the Deep Elf Earth Elementalist began the
                  | quest for the Orb.
     0 | D:1      | Reached XP level 1. HP: 10/10 MP: 6/6
   250 | D:1      | Found a faded altar of an unknown god.
   252 | D:1      | Reached XP level 2. HP: 15/15 MP: 0/8
   255 | D:1      | Learned a level 2 spell: Passwall
   262 | D:1      | Prayed at the altar of an unknown god.
   262 | D:1      | Became a worshipper of Uskayaw the Reveller
   262 | D:1      | Reached * piety under Uskayaw
   263 | D:1      | Fell from the grace of Uskayaw
   865 | D:2      | Reached XP level 3. HP: 19/19 MP: 8/10
   869 | D:2      | Learned a level 3 spell: Stone Arrow
  1217 | D:2      | Found a glowing golden altar of the Shining One.
  1326 | D:2      | Reached XP level 4. HP: 24/24 MP: 10/12
  1331 | D:2      | Learned a level 4 spell: Petrify
  1509 | D:2      | Noticed Terence
  1518 | D:2      | HP: 1/24 [Terence/+0 hand axe (8)]
  1520 | D:2      | Slain by Terence

Illustrated notes

Levels and vault maps discovered:
D:1:      eino_arrival_water_cross, layout_rooms,
          hellmonk_ecumenical_altar_prayer_group, serial_rivers,
          chequers_serial_rivers_small_b, chequers_serial_rivers_micro_e,
          chequers_serial_rivers_micro_d, chequers_serial_rivers_large_a,
          minmay_tree_intersection, grunt_decor_mini_mirrors
D:2:      layout_loops_corners, basic_altar, uniq_terence

Skill      XL: |  1  2 |
---------------+-------+-----
Spellcasting   | 4 |  4.7
Earth Magic    | 4 |  4.5
Dodging        | |  2.4
Stealth        | |  2.4
Transmutations | |  1.1

Action                   |  1- 3 |  4- 6 || total
-------------------------+-------+-------++-------
Melee: Unarmed           |    87 |       ||    87
       Punch             |     4 |       ||     4
 Cast: Sandblast         |    61 |    12 ||    73
Invok: Renounce Religion |     1 |       ||     1
Armor: Robe              |     1 |     1 ||     2
Dodge: Dodged            |    12 |     4 ||    16
